 Dungeon Crawl Stone Soup version 0.19.1-1-g22dce08 (webtiles) character file.

407 Letos the Slasher (level 6, -2/47 HPs)
             Began as a Merfolk Monk on Jan 7, 2017.
             Slain by a gnoll sergeant
             ... wielding a +0 spear
              (3 damage)
             ... on level 3 of the Dungeon.
             The game lasted 00:05:55 (4053 turns).

Letos the Slasher (Merfolk Monk)                    Turns: 4053, Time: 00:05:55

Health: -2/47      AC:  4    Str:  9 (12) XL:     6   Next: 88%
Magic:  15/15      EV: 15    Int:  6 (9)  God:
Gold:   111        SH:  0    Dex: 15 (18) Spells: 0 memorised, 5 levels left

rFire  + . .     SeeInvis .     a - +0 falchion
rCold  . . .     Gourm    .     t - +0 leather armour
rNeg   . . .     Faith    .     (no shield)
rPois  .         Spirit   .     (no helmet)
rElec  .         Reflect  .     (no cloak)
rCorr  .         Harm     .     d - +0 pair of gloves
MR     .....                    (no boots)
Stlth  ++........               (no amulet)
                                p - ring of protection from fire
                                w - ring of magical power

@: flying
A: change form in water, swift swim, stealthy swim
a: no special abilities


You were on level 3 of the Dungeon.
You were hungry.

You visited 1 branch of the dungeon, and saw 3 of its levels.

You collected 111 gold pieces.

Inventory:

Hand Weapons
 a - a +0 falchion (weapon)
Armour
 d - a +0 pair of gloves (worn)
 t - a +0 leather armour (worn)
Jewellery
 p - a ring of protection from fire (right hand)
 w - a ring of magical power (left hand)
Scrolls
 h - a scroll of remove curse
 i - a scroll of fear {unknown}
 j - a scroll of teleportation {unknown}
 k - 2 scrolls of identify {unknown}
 l - a scroll of amnesia {unknown}
 m - a scroll of noise {unknown}
 o - a scroll of immolation {unknown}
 s - a scroll of magic mapping {unknown}
 u - a scroll of enchant weapon {unknown}
 v - a scroll of random uselessness {unknown}
 x - a scroll of enchant armour {unknown}
Potions
 e - a potion of degeneration
Comestibles
 c - 4 bread rations
 f - a slice of pizza
 g - 5 meat rations
 q - a beef jerky


   Skills:
 - Level 3.2 Fighting
 * Level 7.3 Long Blades
 + Level 5.9 Dodging
 - Level 2.1 Stealth


You had 5 spell levels left.
You didn't know any spells.

Dungeon Overview and Level Annotations

Branches:
Dungeon (3/15)

Altars:


Message History

The gnoll sergeant is severely wounded.
The gnoll sergeant hits you but does no damage.
You hit the gnoll sergeant but do no damage.
The gnoll sergeant is severely wounded.
The gnoll sergeant hits you with a spear.
* * * LOW HITPOINT WARNING * * *
You hit the gnoll sergeant but do no damage.
The gnoll sergeant is severely wounded.
The gnoll sergeant hits you but does no damage.
You hit the gnoll sergeant.
The gnoll sergeant is severely wounded.
The gnoll sergeant closely misses you.
You hit the gnoll sergeant but do no damage.
The gnoll sergeant is severely wounded.
The gnoll sergeant hits you with a spear!
* * * LOW HITPOINT WARNING * * *
You hit the gnoll sergeant.
The gnoll sergeant is severely wounded.
The gnoll sergeant hits you with a spear.
You die...

######.#####.##...........)...##.
#............########.####.#####.
#.####.####### #.# #.#####)
.......# #.# #....)). #.######
#.# ######## #.## #g# ..(# #.#
...# #############.# ...##
#.......@g.)..# ....#
#.############# ###.# #.# #.# #.#
#.#####.# #.......# #########


You could see a gnoll sergeant.

Vanquished Creatures
  Sigmund (D:2)
  A crimson imp (D:3)
  Ijyb (D:2)
  5 adders
  5 gnolls (D:3)
  2 oozes
  3 worms
  3 dart slugs (D:1)
  A leopard gecko (D:2)
  3 giant cockroaches
  8 goblins
  11 hobgoblins
  7 jackals (D:1)
  6 kobolds
  A quokka (D:2)
  A ball python (D:3)
  15 bats
  3 frilled lizards
  6 rats
83 creatures vanquished.

Notes
Turn   | Place    | Note
-------+----------+-------------------------------------------
     0 | D:1      | Letos the Merfolk Monk began the quest for the Orb.
     0 | D:1      | Reached XP level 1. HP: 18/18 MP: 1/1
   236 | D:1      | Reached XP level 2. HP: 20/24 MP: 2/2
   406 | D:1      | Reached skill level 4 in Long Blades
   587 | D:1      | Reached XP level 3. HP: 27/29 MP: 3/3
  1613 | D:2      | Reached XP level 4. HP: 31/35 MP: 4/4
  1658 | D:2      | Noticed Sigmund
  1668 | D:2      | Killed Sigmund
  1668 | D:2      | Reached skill level 6 in Long Blades
  1668 | D:2      | Reached skill level 5 in Dodging
  1668 | D:2      | Reached XP level 5. HP: 30/41 MP: 5/5
  1862 | D:2      | Reached XP level 6. HP: 47/47 MP: 6/6
  1958 | D:2      | Found a faded altar of an unknown god.
  1959 | D:2      | Noticed Ijyb
  1979 | D:2      | Killed Ijyb
  3113 | D:3      | Reached skill level 7 in Long Blades
  4052 | D:3      | HP: 1/47 [gnoll sergeant/spear (8)]
  4053 | D:3      | Slain by a gnoll sergeant

Skill      XL: |  1  2  3  4  5  6 |
---------------+-------------------+-----
Long Blades    | 4 6 7 |  7.3
Dodging        | 5 |  5.9
Fighting       | |  3.2
Stealth        | |  2.1

Action                   |  1- 3 |  4- 6 || total
-------------------------+-------+-------++-------
Melee: Falchion          |   133 |   217 ||   350
       Tailslap          |     1 |       ||     1
  Use: Potion            |       |     7 ||     7
       Scroll            |       |     1 ||     1
 Stab: Sleeping          |     5 |     4 ||     9
       Distracted        |       |     1 ||     1
  Eat: Chunk             |     2 |     8 ||    10
Armor: Robe              |    24 |     3 ||    27
       Scale mail        |       |    36 ||    36
       Leather armour    |       |    19 ||    19
Dodge: Dodged            |   103 |   147 ||   250
       Rpst.: Falchion   |    31 |    42 ||    73
